AoeStats
← q2e_lol

Black Forest

507280744Analyzed
4v4 RM · 14d ago on Sep 17, 2026· 41m 25s· 8 players
Game mode
Random Map
Map size
Large (8 player)
Population
200
Speed
Normal
Resources
Standard
Victory
Conquest
Starting age
Dark Age
Ending age
Imperial Age
RankedLock teamsTeams togetherTeam positionsShared explorationLock speedFull tech treeHidden civsTurbo modeCheats
Victory
Defeat
🇨🇳 Turks · China
1063
+14
🇫🇷 Vietnamese · France
1048
+15
🇨🇱 Mapuche · Chile
1047
+15
🇨🇾 Byzantines · Cyprus
1009
+17
🇹🇼 Tupi · Taiwan
1154
-20
🇭🇰 Poles · Hong Kong SAR China
1012
-15
🇭🇰 Persians · Hong Kong SAR China
997
-28
🇹🇼 Teutons · Taiwan
939
-12
mozo815 灰色
2:34 Loom
14:28 Feudal Age
16:16 Fletching
18:46 Castle Age
17:43 Double-Bit Axe
18:32 Horse Collar
23:01 Bodkin Arrow
26:22 Wheelbarrow
26:35 Fortified Wall
26:47 Ballistics
27:13 Bow Saw
32:04 Scale Barding Armor
33:14 Hand Cart
33:43 Scale Mail Armor
Mayho
9:55 Loom
13:32 Feudal Age
13:53 Feudal Age
15:54 Horse Collar
16:01 Double-Bit Axe
18:54 Castle Age
24:22 Gold Mining
24:22 Stone Mining
28:08 Scale Barding Armor
27:31 Light Cavalry
30:28 Bow Saw
32:36 Heavy Plow
32:52 Fishing Lines
33:45 Bloodlines
33:35 Husbandry
38:33 Imperial Age
37:28 Chain Barding Armor
37:18 Forging
38:35 Winged Hussar
39:38 Conscription
41:25 Iron Casting
41:14 Lechitic Legacy
夕海真雪
12:04 Feudal Age
16:08 Castle Age
14:00 Double-Bit Axe
14:42 Horse Collar
14:51 Fishing Lines
17:13 Bow Saw
17:04 Heavy Plow
16:58 Loom
24:00 Gillnets
26:59 Wheelbarrow
26:58 Gold Mining
28:33 Hand Cart
29:35 Gold Shaft Mining
31:49 Imperial Age
29:23 Stone Mining
29:35 Scale Mail Armor
29:50 Forging
29:42 Champi Runner
30:23 Squires
30:08 Arson
31:18 Chain Mail Armor
30:59 Champi Warrior
31:07 Elite Skirmisher
34:04 Two-Man Saw
33:44 Plate Mail Armor
34:17 Iron Casting
33:07 Elite Champi Warrior
38:06 Ballistics
38:46 Chemistry
37:43 Murder Holes
37:28 Treadmill Crane
37:34 Arrowslits
38:33 Fletching
38:43 Padded Archer Armor
40:01 Caciques
40:16 Conscription
40:02 Curare
41:13 Hoardings
q2e_lol
0:27 Loom
16:20 Feudal Age
23:07 Castle Age
21:59 Double-Bit Axe
21:57 Horse Collar
23:22 Fishing Lines
26:31 Wheelbarrow
27:44 Elite Skirmisher
30:21 Fletching
fuita
0:36 Loom
16:06 Feudal Age
17:36 Wheelbarrow
20:46 Castle Age
19:15 Double-Bit Axe
19:50 Horse Collar
20:02 Gold Mining
26:07 Heavy Plow
28:53 Bow Saw
33:49 Imperial Age
32:28 Gold Shaft Mining
33:29 Fletching
33:39 Padded Archer Armor
34:53 Hand Cart
35:07 Ballistics
36:01 Crop Rotation
36:57 Two-Man Saw
36:09 Forging
36:05 Scale Barding Armor
36:43 Caravan
36:26 Pikeman
37:06 Squires
36:52 Arson
37:45 Scale Mail Armor
38:21 Iron Casting
38:29 Chain Barding Armor
40:08 Chemistry
38:44 Halberdier
39:55 Chain Mail Armor
42:32 Plate Barding Armor
Denver20
0:28 Loom
11:35 Feudal Age
12:13 Double-Bit Axe
20:09 Castle Age
20:31 Fletching
20:46 Fishing Lines
25:03 Horse Collar
25:37 Bow Saw
26:43 Ballistics
27:04 Fishing Lines
30:17 Bodkin Arrow
32:03 Heavy Plow
36:01 Imperial Age
33:44 Padded Archer Armor
36:00 Gold Mining
38:18 Chemistry
37:24 Siege Engineers
37:26 Malon
37:37 Butalmapu
38:12 Conscription
40:21 Caravan
40:49 Masonry
gongyi528
12:07 Feudal Age
10:22 Loom
13:39 Double-Bit Axe
13:45 Gold Mining
14:12 Horse Collar
17:00 Castle Age
18:24 Gold Shaft Mining
22:56 Imperial Age
20:59 Padded Archer Armor
21:18 Bow Saw
21:40 Padded Archer Armor
22:58 Leather Archer Armor
24:10 Wheelbarrow
34:55 Capped Ram
37:07 Ring Archer Armor
37:51 Scale Barding Armor
38:30 Hand Cart
39:32 Chain Barding Armor
39:15 Fletching
39:50 Forging
41:02 Plate Barding Armor
40:46 Bodkin Arrow
42:23 Two-Man Saw
41:44 Bloodlines
41:34 Husbandry
42:26 Iron Casting
SafirduTiks
9:19 Loom
12:21 Feudal Age
12:48 Double-Bit Axe
13:07 Fishing Lines
19:37 Castle Age
19:23 Scale Mail Armor
20:22 Squires
21:52 Bow Saw
23:04 Wheelbarrow
22:15 Town Watch
24:04 Gold Mining
26:35 Hand Cart
29:57 Imperial Age
29:23 Forging
29:29 Chain Mail Armor
29:06 Fletching
30:25 Arson
31:17 Iron Casting
32:13 Chemistry
31:35 Ballistics
34:07 Elite Fire Lancer
38:44 Plate Mail Armor
40:29 Bodkin Arrow
41:52 Siege Engineers
Connection lost

Rejoining the realm…

Still unreachable

The connection could not be restored.

Session expired

The server has moved on; the page needs a fresh start.